 Dungeon Crawl Stone Soup version 0.30.1-11-g7821555f0a (webtiles) character file.

Game seed: 14669197261314503989

122 boopmooplesden the Twirler (level 4, -2/37 HPs)
             Began as a Minotaur Gladiator on Nov 2, 2023.
             Slain by a gnoll
             ... wielding a +0 spear
              (4 damage)
             ... on level 3 of the Dungeon.
             The game lasted 00:02:27 (1712 turns).

boopmooplesden the Twirler (Minotaur Gladiator)     Turns: 1712, Time: 00:02:28

Health: -2/37      AC:  3    Str: 21    XL:     4   Next: 78%
Magic:  3/3        EV: 12    Int:  5    God:
Gold:   34         SH:  0    Dex: 11    Spells: 3/3 levels left

rFire   . . .        a - +0 quarterstaff
rCold   . . .        (shield currently unavailable)
rNeg    . . .        b - +0 leather armour
rPois   .            c - +0 hat
rElec   .            (no cloak)
rCorr   .            (no gloves)
SInv    .            (no boots)
Will    .....        (no amulet)
Stlth   +            (no ring)
HPRegen 0.26/turn    (no ring)
MPRegen 0.08/turn

%: no passive effects
@: no status effects
A: horns 2, retaliatory headbutt
a: no special abilities


You were on level 3 of the Dungeon.
You visited 1 branch of the dungeon, and saw 3 of its levels.

You collected 34 gold pieces.

Inventory:

Hand Weapons
 a - a +0 quarterstaff (weapon)
Missiles
 e - a javelin (quivered)
Armour
 b - a +0 leather armour (worn)
 c - a +0 hat (worn)
 g - a +0 scale mail
Scrolls
 f - a scroll of identify
 i - a scroll of fog {unknown}
 l - a scroll of poison {unknown}
 o - a scroll of amnesia {unknown}
Potions
 h - a potion of might
 j - a potion of degeneration {unknown}
 k - a potion of mutation {unknown}
 m - a potion of heal wounds {unknown}
 n - a potion of haste {unknown}


   Skills:
 + Level 2.8 Fighting
 + Level 4.8 Staves
 + Level 2.4 Throwing
 + Level 2.7 Armour
 + Level 3.9 Dodging


You had 3 spell levels left.
You didn't know any spells.
Your spell library was empty.

Dungeon Overview and Level Annotations

Branches:
Dungeon (3/15)

Altars:
Elyvilon


Innate Abilities, Weirdness & Mutations

You have a pair of horns on your head.
You reflexively headbutt those who attack you in melee.


Message History

The gnoll hits you with a +0 spear.
You hit the gnoll but do no damage. You headbutt the gnoll!
The gnoll is almost dead.
The gnoll closely misses you.
A gnoll comes into view. It is wielding a +0 spear.
The gnoll hits you from afar with a +0 spear!
You hit the gnoll but do no damage.
You headbutt the gnoll, but do no damage.
The gnoll is almost dead.
The gnoll closely misses you. You furiously retaliate!
You headbutt the gnoll.
You kill the gnoll!
The gnoll hits you from afar with a +0 spear.
The gnoll misses you.
Throw: throwing net
Press: ? - help, Q - select action, (/) - cycle Shift-Dir - straight line, f - gnoll
Aim: a gnoll, wielding a +0 spear (61% to hit)
You throw a throwing net.
The throwing net closely misses the gnoll.
The gnoll misses you. The gnoll hits you with a +0 spear.
The gnoll hits you from afar with a +0 spear!
You hit the gnoll. Your headbutt misses the gnoll.
The gnoll is moderately wounded.
The gnoll closely misses you. The gnoll misses you.
You barely miss the gnoll.
The gnoll is moderately wounded.
The gnoll hits you from afar with a +0 spear.
* * * LOW HITPOINT WARNING * * *
The gnoll hits you but does no damage.
You barely miss the gnoll.
The gnoll is moderately wounded.
The gnoll closely misses you. The gnoll misses you.
You closely miss the gnoll.
The gnoll is moderately wounded.
The gnoll hits you from afar with a +0 spear.
* * * LOW HITPOINT WARNING * * *
The gnoll hits you with a +0 spear!
* * * LOW HITPOINT WARNING * * *
The gnoll hits you from afar with a +0 spear.
You die...

#.# ..< #.#
#.#
#.###.###.#
#..)......#
#####.#####
#.########
#(gg.@...#
########.#
#.# #.# #†#
#.# #.#
###.# #...#


You could see 2 gnolls.

Vanquished Creatures
  Natasha (twice) (D:2)
  A gnoll (D:3)
  2 adders (D:3)
  3 dart slugs (D:1)
  2 endoplasms
  2 giant cockroaches (D:1)
  6 goblins
  3 hobgoblins
  2 jackals (D:2)
  3 quokkas
  2 bats (D:1)
  4 frilled lizards
  6 kobolds
  5 rats
43 creatures vanquished.

Notes
Turn   | Place    | Note
-------+----------+-------------------------------------------
     0 | D:1      | boopmooplesden the Minotaur Gladiator began the quest for
                  | the Orb.
     0 | D:1      | Reached XP level 1. HP: 18/18 MP: 0/0
    66 | D:1      | Reached skill level 4 in Staves
    66 | D:1      | Reached XP level 2. HP: 6/25 MP: 1/1
   704 | D:1      | Reached XP level 3. HP: 24/30 MP: 2/2
  1091 | D:2      | Noticed Natasha
  1098 | D:2      | Killed Natasha
  1099 | D:2      | Reached skill level 1 in Armour
  1214 | D:2      | Noticed Natasha
  1221 | D:2      | Killed Natasha
  1222 | D:2      | Reached XP level 4. HP: 27/37 MP: 3/3
  1275 | D:2      | Found a white marble altar of Elyvilon.
  1403 | D:2      | Found a faded altar of an unknown god.
  1712 | D:3      | Slain by a gnoll

Illustrated notes

Levels and vault maps discovered:
D:1:      minmay_arrival_five_plusses, layout_basic, minmay_pentomino_p2
D:2:      layout_rooms, basic_altar, shapermc_ecumenical_altar_petra,
          uniq_natasha
D:3:      layout_loops_ring, roderic_serpentine_path

Skill      XL: |  1  2  3  4 |
---------------+-------------+-----
Staves         | 4 |  4.8
Armour         | 1 2 |  2.7
Fighting       | |  2.8
Throwing       | |  2.4
Dodging        | |  3.9

Action                     |  1- 3 |  4- 6 || total
---------------------------+-------+-------++-------
  Melee: Quarterstaff      |    68 |    42 ||   110
         Headbutt          |    12 |    10 ||    22
  Throw: Throwing net      |     2 |     1 ||     3
    Use: Scroll            |     3 |       ||     3
   Stab: Held in net/web   |     1 |       ||     1
 Armour: Leather armour    |     9 |     3 ||    12
  Dodge: Dodged            |    31 |    22 ||    53
